 Dungeon Sprint DCSS version 0.20-a0-960-ge493e74 (webtiles) character file.

2373 Conn321 the Arsonist (level 9, 0/53 (55) HPs)
             Began as an Octopode Fire Elementalist on Apr 7, 2017.
             Was a Believer of Sif Muna.
             Succumbed to a hornet's poison
             ... in the Dungeon (Sprint II: "The Violet Keep of Menkaure").
             The game lasted 00:05:46 (762 turns).

Conn321 the Arsonist (Octopode Fire Elementalist)    Turns: 762, Time: 00:05:47

HP:   0/53 (55)     AC:  1    Str:  8    XL:     9   Next: 45%
MP:   12/23         EV: 16    Int: 20    God:    Sif Muna [**....]
Gold: 972           SH:  0    Dex: 12    Spells: 12/28 levels left

rFire    . . .     SeeInvis .     - Unarmed
rCold    . . .     Gourm    .   (no shield)
rNeg     . . .     Faith    .   (helmet restricted)
rPois    .         Spirit   .   (no amulet)
rElec    .         Reflect  .   (no ring)
rCorr    .         Harm     .   (no ring)
MR       .....     NoTele   +   (no ring)
Stlth    ++++......             (no ring)
Regen    0.2/turn               (no ring)
MPRegen  0.2/turn               (no ring)
                                (no ring)
                                (no ring)

@: lethally poisoned (0 -> -1), very slightly contaminated, hasted, very quick
A: almost no armour, stealthy swim, amphibious, 8 rings, constrict 8, camouflage
1, blurry vision 1, gelatinous body 1
a: Divine Energy, Renounce Religion


You were in the Dungeon.
You worshipped Sif Muna.
Sif Muna was pleased with you.
You were very hungry.

You visited 1 branch You collected 972 gold pieces.

Inventory:

Scrolls
 h - a scroll of blinking
Books
 a - a book of Flames

   Spells                             Type                      Level
   a - Flame Tongue                   Conjuration/Fire             1
   b - Throw Flame                    Conjuration/Fire             2
   c - Conjure Flame                  Conjuration/Fire             3
   d - Inner Flame                    Hexes/Fire                   3
   e - Sticky Flame                   Conjuration/Fire             4
   f - Fireball                       Conjuration/Fire             5
Comestibles
 b - a bread ration


   Skills:
 + Level 2.4 Fighting
 + Level 6.7 Dodging
 + Level 7.4 Stealth
 + Level 6.3 Unarmed Combat
 * Level 10.1 Spellcasting
 * Level 8.3 Conjurations
 + Level 12.5 Fire Magic


You had 12 spell levels left.
You knew the following spells:

 Your Spells              Type           Power        Failure   Level  Hunger
a - Flame Tongue          Conj/Fire      #####        1%          1    None
b - Conjure Flame         Conj/Fire      ######..     1%          3    None
c - Sticky Flame          Conj/Fire      ######..     1%          4    ##.....
d - Fireball              Conj/Fire      ######....   3%          5    ####...
e - Inner Flame           Hex/Fire       #####...     1%          3    None


Dungeon Overview and Level Annotations

Branches:
Dungeon (1/1)

Altars:
Cheibriados
Dithmenos
Elyvilon
Fedhas
Gozag
Hepliaklqana
Kikubaaqudgha
Makhleb
Nemelex Xobeh
Okawaru
Qazlal
Ru
Sif Muna
Trog
Uskayaw
Vehumet
Wu Jian
Xom
Yredelemnul
Zin
The Shining One
Beogh
Jiyva
Lugonu


Innate Abilities, Weirdness & Mutations

You cannot wear most types of armour.
You are very stealthy in the water. (Stealth+)
You are amphibious.
You can wear up to eight rings at the same time.
You can use your tentacles to constrict eight enemies at once.
Your skin changes colour to match your surroundings (Stealth+).
Your rubbery body absorbs attacks. (AC +1, EV +1)
Scrolls take you a little longer to read.


Message History

* * * LOW HITPOINT WARNING * * *
You feel sick.
There is a hazy altar of Hepliaklqana here.
You aren't carrying any potions.
* * * LOW HITPOINT WARNING * * *
You feel sick.
There is a snail-covered altar of Cheibriados here.
* * * LOW HITPOINT WARNING * * *
You feel sick.
There is an opulent altar of Gozag here.
* * * LOW HITPOINT WARNING * * *
You feel sick.
There is an opulent altar of Gozag here.
* * * LOW HITPOINT WARNING * * *
You feel sick.
There is an opulent altar of Gozag here.
You are feeling very hungry.
The flying skull gives a hideous shriek!
There is an iron altar of Okawaru here.
You die...

#≈≈.....≈#)########+##
≈≈≈≈≈≈..≈#.._._._.#≈≈≈#
≈≈§§≈≈≈.≈#._._._..#§§§≈
§≈≈≈§§≈≈≈#_._._._.#§§§§
≈≈§§≈≈§≈§#._._._._#≈§§§§§
≈≈§§≈≈≈≈≈#.._._._.#≈§§§§≈
#≈≈§###≈§#..._._._#≈§≈≈§t
##≈≈ #§≈#...._._.#t≈≈≈≈§
+≈≈ #≈§#....._@_#t§§≈▓ #
§≈≈§§##########§§≈§▓z
######≈≈≈≈≈≈≈≈§≈≈≈≈▓z
§§§§###≈########≈▓▓▓▓▓
§≈§≈≈##≈# ▓▓ ≈§§≈.+≈
≈§§≈### §≈#


You could see 2 crocodiles.

Vanquished Creatures
  A merfolk siren (D)
  A yaktaur (D)
  3 polar bears (D)
  A hornet (D)
  4 neqoxecs (D)
  4 necrophages (D)
  4 worker ants (D)
18 creatures vanquished.

Vanquished Creatures (others)
  A crocodile (D)
1 creature vanquished.

Grand Total: 19 creatures vanquished

Notes
Turn   | Place    | Note
-------+----------+-------------------------------------------
     0 | D        | Conn321 the Octopode Fire Elementalist began the quest for the Orb.
     0 | D        | Reached XP level 1. HP: 11/11 MP: 3/3
     1 | D        | Noticed a worker ant
     1 | D        | Noticed a worker ant
     3 | D        | Noticed a worker ant
     7 | D        | Killed a worker ant
     7 | D        | Reached skill level 5 in Fire Magic
     7 | D        | Reached XP level 2. HP: 17/17 MP: 2/5
    10 | D        | Reached skill level 6 in Fire Magic
    10 | D        | Reached XP level 3. HP: 21/21 MP: 2/7
    16 | D        | Reached skill level 1 in Unarmed Combat
    16 | D        | Reached XP level 4. HP: 16/27 MP: 2/9
    19 | D        | Reached skill level 7 in Fire Magic
    34 | D        | Killed a crocodile
    36 | D        | HP: 1/27 [poisoned by a worker ant]
   239 | D        | Noticed a neqoxec
   239 | D        | Noticed a neqoxec
   239 | D        | Noticed a neqoxec
   239 | D        | Noticed a neqoxec
   245 | D        | Learned a level 3 spell: Conjure Flame
   250 | D        | Learned a level 4 spell: Sticky Flame
   252 | D        | Noticed a necrophage
   252 | D        | Noticed a necrophage
   252 | D        | Noticed a necrophage
   252 | D        | Noticed a necrophage
   262 | D        | Killed a necrophage
   262 | D        | Reached skill level 8 in Fire Magic
   262 | D        | Reached XP level 5. HP: 12/30 MP: 2/12
   275 | D        | Killed a necrophage
   275 | D        | Reached skill level 5 in Stealth
   275 | D        | Reached skill level 5 in Spellcasting
   275 | D        | Reached skill level 9 in Fire Magic
   275 | D        | Reached XP level 6. HP: 29/36 MP: 1/14
   281 | D        | Killed a necrophage
   287 | D        | Killed a necrophage
   287 | D        | Reached skill level 5 in Dodging
   287 | D        | Reached skill level 10 in Fire Magic
   287 | D        | Reached XP level 7. HP: 20/40 MP: 0/16
   481 | D        | Learned a level 5 spell: Fireball
   482 | D        | Noticed a merfolk siren
   488 | D        | Killed a merfolk siren
   488 | D        | Reached skill level 1 in Fighting
   488 | D        | Reached skill level 5 in Conjurations
   569 | D        | Learned a level 3 spell: Inner Flame
   578 | D        | Killed a neqoxec
   578 | D        | Reached skill level 11 in Fire Magic
   578 | D        | Reached XP level 8. HP: 37/46 MP: 1/20
   579 | D        | Gained mutation: Scrolls take you a little longer to read. [a neqoxec]
   581 | D        | Reached skill level 5 in Unarmed Combat
   692 | D        | Found a roughly hewn altar of Beogh.
   693 | D        | Found a hazy altar of Hepliaklqana.
   693 | D        | Found a snail-covered altar of Cheibriados.
   694 | D        | Found a stormy altar of Qazlal.
   694 | D        | Found a viscous altar of Jiyva.
   694 | D        | Found a shadowy altar of Dithmenos.
   695 | D        | Found a sacrificial altar of Ru.
   695 | D        | Found an ancient bone altar of Kikubaaqudgha.
   695 | D        | Found a white marble altar of Elyvilon.
   696 | D        | Found a deep blue altar of Sif Muna.
   696 | D        | Found an ornate altar of the Wu Jian Council.
   696 | D        | Found a corrupted altar of Lugonu.
   696 | D        | Found a blossoming altar of Fedhas.
   696 | D        | Noticed a polar bear
   697 | D        | Found a shimmering altar of Xom.
   697 | D        | Found a bloodstained altar of Trog.
   697 | D        | Found a burning altar of Makhleb.
   697 | D        | Found an opulent altar of Gozag.
   699 | D        | Found a glowing golden altar of the Shining One.
   699 | D        | Found a basalt altar of Yredelemnul.
   699 | D        | Found a hide-covered altar of Uskayaw.
   701 | D        | Found a glowing silver altar of Zin.
   701 | D        | Found a radiant altar of Vehumet.
   701 | D        | Found a sparkling altar of Nemelex Xobeh.
   701 | D        | Noticed a hornet
   702 | D        | Found an iron altar of Okawaru.
   702 | D        | Noticed a yaktaur
   714 | D        | Became a worshipper of Sif Muna the Loreminder
   721 | D        | Noticed a polar bear
   723 | D        | Noticed a polar bear
   725 | D        | Killed a polar bear
   727 | D        | Killed a polar bear
   727 | D        | Reached * piety under Sif Muna
   727 | D        | Reached skill level 12 in Fire Magic
   727 | D        | Reached XP level 9. HP: 49/52 MP: 2/22
   728 | D        | Paralysed by a hornet for 3 turns
   730 | D        | Killed a hornet
   733 | D        | Killed a polar bear
   733 | D        | Reached ** piety under Sif Muna
   735 | D        | Killed a yaktaur
   735 | D        | Reached skill level 10 in Spellcasting
   744 | D        | HP: 2/53 [poisoned by a hornet]
   752 | D        | HP: 1/53 [poisoned by a hornet]
   757 | D        | HP: 1/53 [poisoned by a hornet]
   762 | D        | Succumbed to a hornet's poison

Vault maps used:
D:        the_violet_keep_of_menkaure

Skill      XL: |  1  2  3  4  5  6  7  8  9 |
---------------+----------------------------+-----
Stealth        | 3 4 5 6 7 |  7.4
Fire Magic     | 5 6 8 9 10 11 12 | 12.5
Dodging        | 3 4 5 6 |  6.7
Spellcasting   | 3 4 5 6 8 9 10 | 10.1
Unarmed Combat | 1 2 3 4 5 6 |  6.3
Conjurations   | 2 3 4 6 7 8 |  8.3
Fighting       | 1 2 |  2.4

Action                   |  1- 3 |  4- 6 |  7- 9 || total
-------------------------+-------+-------+-------++-------
Melee: Unarmed           |    12 |    18 |     4 ||    34
       Constrict         |     3 |     5 |     1 ||     9
       Tentacles         |     2 |     4 |     2 ||     8
       Punch             |       |     1 |     1 ||     2
 Cast: Flame Tongue      |     1 |    12 |     5 ||    18
       Fireball          |       |       |     8 ||     8
       Conjure Flame     |       |       |     4 ||     4
       Sticky Flame      |       |       |     1 ||     1
  Use: Potion            |     1 |     2 |     3 ||     6
  Eat: Chunk             |       |       |     1 ||     1
Armor: Skin              |       |     1 |       ||     1
Dodge: Dodged            |     4 |    15 |     6 ||    25
